 Dungeon Crawl Stone Soup version 0.30-b1-2-g02819fbbbe (webtiles) character file.

Game seed: 828250070402964718

445 LLlMATKO the Trooper (level 6, -9/56 HPs)
             Began as a Minotaur Berserker on June 3, 2023.
             Was a Believer of Trog.
             Mangled by an ogre
             ... wielding a +0 giant club
              (23 damage)
             ... on level 4 of the Dungeon.
             The game lasted 00:02:12 (2978 turns).

LLlMATKO the Trooper (Minotaur Berserker)           Turns: 2978, Time: 00:02:12

Health: -9/56      AC: 12    Str: 23    XL:     6   Next: 72%
Magic:  5/5        EV:  7    Int:  4    God:    Trog [**....]
Gold:   147        SH:  4    Dex: 10    Spells: 5/5 levels left

rFire   . . .        a - +0 hand axe
rCold   . . .        h - +0 buckler
rNeg    . . .        c - +0 plate armour
rPois   .            (helmet restricted)
rElec   .            (no cloak)
rCorr   .            (no gloves)
SInv    .            (no boots)
Will    .....        (no amulet) Stlth
                     (no ring)
HPRegen 0.29/turn    (no ring)
MPRegen 0.09/turn

%: no passive effects
@: on berserk cooldown, slowed, very slow
A: horns 2, retaliatory headbutt
a: Renounce Religion, Berserk, Trog's Hand


You were on level 4 of the Dungeon.
You worshipped Trog.
Trog was pleased with you.
You visited 1 branch of the dungeon, and saw 4 of its levels.

You collected 147 gold pieces.

Inventory:

Hand Weapons
 a - a +0 hand axe (weapon)
 u - a +0 battleaxe
Missiles
 g - 21 poisoned darts (quivered)
Armour
 c - a +0 plate armour (worn)
 h - a +0 buckler (worn)
Jewellery
 r - a ring of see invisible
Wands
 s - a wand of roots (8)
Scrolls
 b - 4 scrolls of identify {unknown}
 e - 2 scrolls of teleportation {unknown}
 i - 2 scrolls of magic mapping {unknown}
 k - 3 scrolls of blinking {unknown}
 n - a scroll of fear {unknown}
 o - a scroll of noise {unknown}
Potions
 d - 3 potions of heal wounds {unknown}
 f - 2 potions of haste {unknown}
 j - a potion of magic {unknown}
 l - a potion of attraction {unknown}
 m - 2 potions of mutation {unknown}
 p - 3 potions of brilliance {unknown}
 q - a potion of degeneration {unknown}
 t - 2 potions of might {unknown}


   Skills:
 + Level 5.3 Fighting
 + Level 5.3 Axes
 + Level 4.4 Armour
 + Level 4.0 Dodging
 + Level 3.0 Shields


You had 5 spell levels left.
You didn't know any spells.
Your spell library was empty.

Dungeon Overview and Level Annotations

Branches:
Dungeon (4/15)
 Temple: D:4-7

Altars:
Elyvilon
Nemelex Xobeh
Qazlal

Shops:
D:2 (


Innate Abilities, Weirdness & Mutations

You have a pair of horns on your head.
You reflexively headbutt those who attack you in melee.


Message History

You slash the orc!
You kill the orc!
Trog accepts your kill.
Unknown command.
You closely miss the orc priest. You headbutt the orc priest!
The orc priest is severely wounded.
You barely miss the orc priest.
The orc priest hits you but does no damage.
An ogre comes into view. It is wielding a +0 giant club.
The orc priest hits you but does no damage.
Unknown command.
The ogre shouts!
You slash the orc!
You kill the orc!
Trog accepts your kill.
You hit the orc priest.
You kill the orc priest!
Trog accepts your kill.
You slash the orc priest!
You kill the orc priest!
Trog accepts your kill.
You slash the orc priest!
Your Shields skill increases to level 3!
You barely miss the orc priest. You headbutt the orc priest.
You kill the orc priest!
Trog accepts your kill.
Your Dodging skill increases to level 4!
Unknown command.
Things that are here:
a +0 hand axe; a boomerang You feel a strong urge to attack something.
You see here a wand of flame (17).
You feel your anger nearly subside.
You are no longer berserk.
You are exhausted.
You feel yourself slow down.
Found 9 gold pieces.
There is a stone staircase leading up here.
You barely miss the ogre.
The ogre hits you with a +0 giant club!!
You die...

.. ♣..
#.........# ♣. .P
#.........# P.♣.♣
#.........# P..
#.........# ♣P♣♣
#...).....#
♣P.♣###.........#
♣♣..............#
#♣♣###....O....#
#....@....#
###########


You could see an ogre.

Vanquished Creatures
  Sigmund (D:2)
  3 orc priests (D:4)
  An iguana (D:4)
  2 orc wizards (D:3)
  4 gnolls (D:3)
  2 dart slugs
  6 orcs
  8 endoplasms
  7 goblins
  3 hobgoblins
  3 jackals (D:1)
  11 kobolds
  2 ball pythons
  4 bats
  3 frilled lizards
  3 rats
63 creatures vanquished.

Vanquished Creatures (others)
  2 fungi (D:2)
  2 plants (D:2)
4 creatures vanquished.

Grand Total: 67 creatures vanquished

Notes
Turn   | Place    | Note
-------+----------+-------------------------------------------
     0 | D:1      | LLlMATKO the Minotaur Berserker began the quest for the
                  | Orb.
     0 | D:1      | Reached XP level 1. HP: 19/19 MP: 0/0
   397 | D:1      | Reached XP level 2. HP: 26/27 MP: 1/1
  1092 | D:2      | Found Dewolyki's Weapon Emporium.
  1146 | D:2      | Reached ** piety under Trog
  1156 | D:2      | Reached XP level 3. HP: 31/33 MP: 2/2
  1272 | D:2      | Noticed Sigmund
  1280 | D:2      | Killed Sigmund
  1281 | D:2      | Reached XP level 4. HP: 41/41 MP: 3/3
  1281 | D:2      | Reached XP level 5. HP: 47/47 MP: 4/4
  1473 | D:2      | Found a faded altar of an unknown god.
  2042 | D:3      | Found a sparkling altar of Nemelex Xobeh.
  2052 | D:3      | Reached skill level 5 in Axes
  2052 | D:3      | Reached XP level 6. HP: 41/55 MP: 5/5
  2057 | D:3      | Reached skill level 5 in Fighting
  2469 | D:3      | Found a white marble altar of Elyvilon.
  2679 | D:3      | Found a stormy altar of Qazlal.
  2978 | D:4      | Mangled by an ogre

Illustrated notes

Levels and vault maps discovered:
D:1:      heliophobic_arrival_battle_scene, layout_loops_corners,
          minmay_misc_feat_columns, minmay_strange_pillars
D:2:      layout_loops_corners, shapermc_ecumenical_altar_rom_forum,
          serial_shops, nicolae_shop_bloodbath_and_beyond, item_on_display_a,
          uniq_sigmund
D:3:      layout_loops_ring, elyvilon_altar_1, lemuel_tele_altar,
          old_standard_altar, nicolae_elevator_lobby_plus
D:4:      layout_rooms, nicolae_uskayaw_en_pointe, serial_shops,
          nicolae_shop_mannequins, serial_forest, infiniplex_forest_join,
          infiniplex_forest_clump_small, infiniplex_forest_end_double,
          infiniplex_forest_lined_2, infiniplex_forest_zigzag_2,
          infiniplex_forest_join, infiniplex_forest_lined_2, bh_walls_and_bars,
          uniq_natasha

Skill      XL: |  1  2  3  4  5  6 |
---------------+-------------------+-----
Axes           | 4 5 |  5.3
Fighting       | 4 5 |  5.3
Armour         | 3 4 |  4.4
Dodging        | 3 4 |  4.0
Shields        | 2 3 |  3.0

Action                     |  1- 3 |  4- 6 || total
---------------------------+-------+-------++-------
  Melee: Hand axe          |    49 |    78 ||   127
         Headbutt          |     6 |    17 ||    23
 Invoke: Berserk           |     1 |     2 ||     3
 Armour: Plate armour      |    19 |    51 ||    70
         Animal skin       |     1 |       ||     1
  Dodge: Dodged            |    12 |    29 ||    41
  Block: Buckler           |     3 |    17 ||    20
